 Dungeon Crawl Stone Soup version 0.32-a0-968-g61e5eb5241 (webtiles) character file.

Game seed: 18275746766642355659

968 GeoRichter the Firebug (level 8, -4/45 HPs)
             Began as a Gargoyle Fire Elementalist on Apr 18, 2024.
             Slain by an orc warrior
             ... wielding a +0 battleaxe
              (6 damage)
             ... on level 4 of the Dungeon.
             The game lasted 00:05:52 (3658 turns).

GeoRichter the Firebug (Gargoyle Fire Elementalist) Turns: 3658, Time: 00:05:53

Health: -4/45      AC:  9    Str: 12    XL:     8   Next: 15%
Magic:  5/15       EV: 10    Int: 18    God:
Gold:   303        SH:  3    Dex: 10    Spells: 14/17 levels left

rFire   . . .        b - +2 dagger (elec)
rCold   . . .        s - +0 buckler
rNeg    + . .        a - +0 robe
rPois   ∞            n - +0 helmet
rElec   +            (no cloak)
rCorr   .            (no gloves)
SInv    .            v - +0 pair of boots
Will    ++...        r - amulet of Dithmenos's Grace {Acrobat Will++ Stlth+}
Stlth   +++          (no ring)
HPRegen 0.27/turn    (no ring)
MPRegen 0.14/turn

%: acrobat
@: no status effects
A: sickness immunity, AC +5, negative energy resistance 1, electricity
resistance, torment resistance 1, petrification resistance
a: no special abilities


You were on level 4 of the Dungeon.
You visited 1 branch of the dungeon, and saw 5 of its levels.

You collected 303 gold pieces.

Inventory:

Hand Weapons
 b - a +2 dagger of electrocution (weapon)
   (You took it off a goblin on level 1 of the Dungeon)
Armour
 a - a +0 robe (worn)
 n - a +0 helmet (worn)
   (You took it off Robin on level 3 of the Dungeon)
 s - a +0 buckler (worn)
   (You found it on level 5 of the Dungeon)
 v - a +0 pair of boots (worn)
   (You found it on level 5 of the Dungeon)
Jewellery
 h - an amulet of regeneration
   (You found it on level 2 of the Dungeon)
 r - the amulet of Dithmenos's Grace (around neck) {Acrobat Will++ Stlth+}
   (You found it on level 4 of the Dungeon)

   [amulet of the acrobat]

   Acrobat:   It increases your evasion while moving and waiting.
   Will++:    It greatly increases your willpower.
   Stlth+:    It makes you more stealthy.
Scrolls
 e - a scroll of blinking {unknown}
 g - a scroll of immolation {unknown}
 i - a scroll of teleportation {@r4}
 j - a scroll of vulnerability {unknown}
 l - a scroll of enchant armour {unknown}
 o - a scroll of revelation
 p - a scroll of fog {unknown}
Potions
 c - a potion of attraction {unknown}
 d - a potion of invisibility {unknown}
 f - a potion of brilliance {unknown}
 k - 2 potions of curing {@q1}
 m - a potion of haste {unknown}
 q - 2 potions of lignification {!q}
 t - 2 potions of heal wounds {unknown}
 u - 2 potions of enlightenment {unknown}


   Skills:
 + Level 2.7 Fighting
 - Level 1.5 Dodging
 - Level 2.1 Stealth
 + Level 5.0 Spellcasting
 * Level 5.1 Conjurations
 - Level 6.0 Fire Magic


You had 14 spell levels left.
You knew the following spells:

 Your Spells              Type           Power      Damage    Failure   Level
a - Foxfire               Conj/Fire      96%        2x1d8     1%          1
b - Scorch                Fire           52%        2d7       2%          2

Your spell library contained the following spells:

 Spells                   Type           Power      Damage    Failure   Level
 Sting                    Conj/Alch      52%        1d6       7%          1
 Inner Flame              Hex/Fire       15%        N/A       17%         3
 Volatile Blastmotes      Fire/Tloc      30%        2d12      17%         3
 Flame Wave               Conj/Fire      24%        2d8       19%         4
 Mercury Vapours          Alch/Air       8%         N/A       28%         2
 Olgreb's Toxic Radiance  Alch           4%         N/A       88%         4


Dungeon Overview and Level Annotations

Branches:
Dungeon (5/15) Zot: 26338
 Temple: D:4-7

Altars:


Innate Abilities, Weirdness & Mutations

You are immune to sickness and miasma.
Your stone body is resilient. (AC +5)
You are immune to poison.
You resist negative energy. (rN+)
You are resistant to electric shocks. (rElec)
You are resistant to unholy torment.
You are immune to petrification.


Message History

You hear a shout! x2
The orc wizard points at you and mumbles some strange words.
The magic dart hits you!
An orc comes into view. It is wielding a +0 club.
You hit the orc wizard.
Lightning courses through the orc wizard!!
You kill the orc wizard!
You hit the orc warrior but do no damage.
The orc warrior closely misses you.
The orc priest miscasts a cantrip.
The orc warrior attacks as it pursues you!
The orc warrior hits you with a +0 battleaxe!
* * * LOW HITPOINT WARNING * * *
There is a stone staircase leading up here.
The orc warrior barely misses you.
You climb upwards.
There is a stone staircase leading down here.
Casting: Scorch (safe; 2% risk of failure)
Confirm with . or Enter, or press ? or * to list all spells.
Flames lash the orc warrior.
The orc warrior is moderately wounded.
The orc warrior's fire resistance burns away.
The orc warrior hits you but does no damage.
Casting: Scorch (safe; 2% risk of failure)
Confirm with . or Enter, or press ? or * to list all spells.
Flames lash the orc warrior but do no damage.
The orc warrior hits you with a +0 battleaxe!
* * * LOW HITPOINT WARNING * * *
You feel better.
The orc warrior hits you with a +0 battleaxe.
* * * LOW HITPOINT WARNING * * *
You aren't carrying any items that you can evoke.
Casting: Scorch (safe; 2% risk of failure)
Confirm with . or Enter, or press ? or * to list all spells.
Flames lash the orc warrior.
The orc warrior is burned terribly!
The orc warrior is heavily wounded.
The orc warrior barely misses you.
Casting: Scorch (safe; 2% risk of failure)
Confirm with . or Enter, or press ? or * to list all spells.
Flames lash the orc warrior.
The orc warrior is burned terribly!
The orc warrior is severely wounded.
The orc warrior hits you with a +0 battleaxe!
* * * LOW HITPOINT WARNING * * *
Okay, then.
Casting: Scorch (safe; 2% risk of failure)
Confirm with . or Enter, or press ? or * to list all spells.
Flames lash the orc warrior.
The orc warrior is burned terribly!
The orc warrior is almost dead.
The orc warrior hits you with a +0 battleaxe.
You die...

###.#.# #.#### #.# #
#<#.###.##.## #.#
###.........#.# #.#
....#.....##.####.#
..........##.#..[.#
##.######.##.#.####
#.# ###.##.....###
#.# #......###.o.#
#.# #.#....# #@#.###
#.# #.####.###.....#
#.####.# #.....#.#.#
#......####.#.###.#.#
#####..##...#.# #.#.#
#..##.###.# #.#.#
#..##.# #.# #.#.#
#..##.# #.# #.#.#
####..##.###.###.#.#


You could see an orc warrior (combustible).

Vanquished Creatures
  Prince Ribbit (D:5)
  Sigmund (D:2)
  The ghost of l0000l the Trooper, an amateur MiBe of Trog (D:3)
  A phantom (D:5)
  A scorpion (D:4)
  2 bombardier beetles (D:4)
  2 orc priests (D:3)
  2 hounds (D:4)
  2 iguanas (D:5)
  An orc wizard (D:5)
  Robin (D:3)
  6 adders
  A ribbon worm (D:2)
  5 orcs
  7 ball pythons
  5 endoplasms
  A giant cockroach (D:4)
  14 goblins
  10 hobgoblins
  4 quokkas
  6 bats
  4 frilled lizards (D:1)
  5 kobolds
  8 rats
91 creatures vanquished.

Vanquished Creatures (others)
  232 foxfires
232 creatures vanquished.

Grand Total: 323 creatures vanquished

Notes
Turn   | Place    | Note
-------+----------+-------------------------------------------
     0 | D:1      | GeoRichter the Gargoyle Fire Elementalist began the quest
                  | for the Orb.
     0 | D:1      | Reached XP level 1. HP: 10/10 MP: 3/3
   131 | D:1      | Reached XP level 2. HP: 15/15 MP: 3/5
   607 | D:1      | Reached XP level 3. HP: 19/19 MP: 3/6
   635 | D:1      | Found a faded altar of an unknown god.
   922 | D:2      | Learned a level 2 spell: Scorch
  1237 | D:2      | Reached XP level 4. HP: 24/24 MP: 5/8
  1376 | D:2      | Noticed Sigmund
  1384 | D:2      | Killed Sigmund
  1385 | D:2      | Reached skill level 4 in Fire Magic
  1385 | D:2      | Reached XP level 5. HP: 27/28 MP: 0/10
  1385 | D:2      | Reached XP level 6. HP: 31/32 MP: 0/11
  1666 | D:3      | Reached skill level 5 in Fire Magic
  1740 | D:3      | Noticed Robin
  1752 | D:3      | Killed Robin
  2201 | D:3      | Found a runed translucent door.
  2202 | D:3      | Noticed l0000l's ghost (amateur MiBe)
  2217 | D:3      | Killed l0000l's ghost
  2581 | D:4      | Reached skill level 6 in Fire Magic
  2581 | D:4      | Reached XP level 7. HP: 36/36 MP: 13/13
  2689 | D:4      | Reached skill level 1 in Fighting
  2777 | D:4      | Identified the amulet of Dithmenos's Grace {Acrobat Will++
                  | Stlth+}
  3343 | D:5      | Entered Level 5 of the Dungeon
  3354 | D:5      | Noticed Prince Ribbit
  3364 | D:5      | Killed Prince Ribbit
  3365 | D:5      | Reached XP level 8. HP: 24/45 MP: 1/15
  3538 | D:5      | Reached skill level 5 in Spellcasting
  3577 | D:5      | Reached skill level 5 in Conjurations
  3657 | D:4      | HP: 2/45 [orc warrior/+0 battleaxe (8)]
  3658 | D:4      | Slain by an orc warrior

Illustrated notes

Levels and vault maps discovered:
D:1:      dpeg_arrival_tiny_i, layout_basic, shapermc_ecumenical_altar_pompeii
D:2:      layout_rooms, uniq_sigmund
D:3:      layout_basic, ebering_ghost_reflecting_pool, dreamdust_wishing_well,
          uniq_robin
D:4:      layout_loops_ring
D:5:      layout_basic, nicolae_overflow_hidden_temple, uniq_prince_ribbit1

Skill      XL: |  1  2  3  4  5  6  7  8 |
---------------+-------------------------+-----
Conjurations   | 2 4 5 |  5.1
Spellcasting   | 3 4 5 |  5.0
Fire Magic     | 4 6 |  6.0
Fighting       | 2 |  2.7
Dodging        | |  1.5
Stealth        | |  2.1

Action                     |  1- 3 |  4- 6 |  7- 9 || total
---------------------------+-------+-------+-------++-------
  Melee: Unarmed           |    12 |       |       ||    12
         Dagger            |    14 |    15 |    28 ||    57
   Cast: Foxfire           |    42 |    60 |    28 ||   130
         Scorch            |       |     4 |    12 ||    16
    Use: Potion            |     1 |       |     1 ||     2
         Scroll            |       |       |     4 ||     4
   Stab: Sleeping          |     1 |     1 |     1 ||     3
 Armour: Robe              |    17 |    19 |    23 ||    59
  Dodge: Dodged            |    17 |     8 |    22 ||    47

Table legend: (Time is in decaauts)
 A = Elapsed time spent in this place.
 B = Non-inter-level travel time spent in this place.
 C = Inter-level travel time spent in this place.
 D = Time resting spent in this place.
 E = Time spent auto-exploring this place.
 F = Levels seen in this place.
 G = Mean time per level.
                   A        B        C        D        E       F      G
               +--------+--------+--------+--------+--------+-----+--------+
         Total |   3660 |   3538 |    122 |      0 |   2876 |   5 |  732.0 |
       Dungeon |   3660 |   3538 |    122 |      0 |   2876 |   5 |  732.0 |
               +--------+--------+--------+--------+--------+-----+--------+

Top non-repeatable levels by time:
     D:3: 944 daAuts
     D:1: 910 daAuts
     D:4: 773 daAuts
     D:2: 723 daAuts
     D:5: 308 daAuts
